 Dungeon Crawl Stone Soup version 0.27.0-1-g7a089689b8 (webtiles) character file.

Game seed: 10109918451622002477

5 Thatpatchoflichen the Cutter (level 1, -1/14 HPs)
             Began as a Kobold Monk on Aug 3, 2021.
             Slain by a jackal (3 damage)
             ... on level 1 of the Dungeon.
             The game lasted 00:01:05 (187 turns).

Thatpatchoflichen the Cutter (Kobold Monk)           Turns: 187, Time: 00:01:05

Health: -1/14      AC:  2    Str:  8    XL:     1   Next: 88%
Magic:  1/1        EV: 16    Int: 11    God:
Gold:   43         SH:  0    Dex: 17    Spells: 0/0 levels left

rFire    . . .     SeeInvis .   a - +0 short sword
rCold    . . .     Faith    .   (shield restricted)
rNeg     . . .     Spirit   .   b - +0 robe
rPois    .         Reflect  .   (no helmet)
rElec    .         Harm     .   (no cloak)
rCorr    .         Rampage  .   (no gloves)
Will     .....                  (no boots)
Stlth    +++.......             (no amulet)
HPRegen  0.04/turn              (no ring)
MPRegen  0.07/turn              (no ring)

@: no status effects
A: small, no large weapons, nightstalker 3
a: no special abilities


You were on level 1 of the Dungeon.
You visited 1 branch of the dungeon, and saw 2 of its levels.

You collected 43 gold pieces.

Inventory:

Hand Weapons
 a - a +0 short sword (weapon)
Armour
 b - a +0 robe (worn)
Jewellery
 f - a ring of poison resistance
Scrolls
 c - a scroll of amnesia {unknown}
 e - a scroll of identify {unknown}
Potions
 d - a potion of flight {unknown}


   Skills:
 + Level 3.4 Fighting
 + Level 4.1 Short Blades
 + Level 3.7 Dodging
 + Level 2.9 Stealth


You couldn't memorise any spells.
You didn't know any spells.
Your spell library was empty.

Dungeon Overview and Level Annotations

Branches:
Dungeon (2/15)

Altars:

Shops:
D:1 :


Innate Abilities, Weirdness & Mutations

You are small and have problems with some larger weapons.
You are completely attuned to the shadows.


Message History

The ball python completely misses you.
You hit the ball python.
You kill the ball python!
A goblin comes into view. It is wielding a +0 dagger.
A jackal comes into view.
A jackal and an endoplasm come into view.
The jackal barks!
The goblin shouts!
You hear a bark!
The jackal barks!
You hear a shout!
A jackal comes into view.
An endoplasm comes into view.
The endoplasm moves out of view.
You see here a ring of poison resistance.
f - a ring of poison resistance A bat comes into view.
The goblin closely misses you. The jackal closely misses you.
A kobold comes into view. It is wielding a +0 short sword.
The bat closely misses you. The jackal bites you. The bat closely misses you.
The bat misses you. The bat hits you but does no damage.
The goblin hits you with a +0 dagger. The bat barely misses you.
You see here a frilled lizard corpse.
The jackal barely misses you. The jackal bites you.
The jackal barely misses you. The jackal misses you.
The jackal closely misses you. The jackal bites you. x2
The jackal closely misses you.
You hit the jackal.
The jackal is lightly wounded.
The jackal closely misses you.
You hit the jackal but do no damage.
The jackal is lightly wounded.
The jackal bites you.
* * * LOW HITPOINT WARNING * * *
You hit the jackal.
The jackal is severely wounded.
The jackal misses you.
You hit the jackal.
You kill the jackal!
You barely miss the jackal. The jackal completely misses you.
The jackal bites you.
You die...

≈♣# ≈≈#
.......# ###
.......# #
.......#
.......#
.......##
$.....?.#
......#.#
....KJ#@#
...b..#h#
.....##b#####
...Jb.Jhg...#
####...K....#
#........#
##########


You could see an endoplasm, 2 jackals, a goblin, a bat and a kobold.

Vanquished Creatures
  A jackal (D:1)
  A quokka (D:1)
  A ball python (D:1)
  A bat (D:1)
  2 frilled lizards (D:1)
6 creatures vanquished.

Notes
Turn   | Place    | Note
-------+----------+-------------------------------------------
     0 | D:1      | Thatpatchoflichen the Kobold Monk began the quest for the
                  | Orb.
     0 | D:1      | Reached XP level 1. HP: 14/14 MP: 1/1
   152 | D:1      | Found Xoff's Book Shop.
   187 | D:1      | Slain by a jackal

Illustrated notes

Levels and vault maps discovered:
D:1:      sevenhm_arrival_forest_fort_small_4, layout_rooms, serial_shops, shop,
          dilly_ecumenical_altar_fadedgnrine
D:2:      layout_rooms, minmay_between

Action                   || total
-------------------------++-------
Melee: Short sword       ||    13
 Stab: Sleeping          ||     4
Armor: Robe              ||     1
Dodge: Dodged            ||    18
